 Dungeon Crawl Stone Soup version 0.31-a0-167-g1c394c0614 (webtiles) character file.

Game seed: 95423704027525797

77 qw the Chopper (level 4, -1/28 HPs)
             Began as a Gargoyle Fighter on June 14, 2023.
             Was an Initiate of Okawaru.
             Slain by Sigmund
             ... wielding a +1 heavy scythe
              (16 damage)
             ... on level 2 of the Dungeon.
             The game lasted 00:00:46 (1349 turns).

qw the Chopper (Gargoyle Fighter)                   Turns: 1349, Time: 00:00:47

Health: -1/28      AC: 10    Str: 22    XL:     4   Next: 34%
Magic:  4/4        EV:  9    Int:  8    God:    Okawaru [......]
Gold:   63         SH:  4    Dex:  9    Spells: 3/3 levels left

rFire   . . .        Y - +0 war axe (flame)
rCold   . . .        c - +0 buckler
rNeg    + . .        b - +0 scale mail
rPois   inf          (no helmet)
rElec   +            (no cloak)
rCorr   .            (no gloves)
SInv    .            (no boots)
Will    .....        (no amulet) Stlth
                     (no ring)
HPRegen 0.24/turn    (no ring)
MPRegen 0.09/turn

%: no passive effects
@: no status effects
A: sickness immunity, AC +3, negative energy resistance 1, electricity
resistance, torment resistance 1, petrification resistance
a: Renounce Religion


You were on level 2 of the Dungeon.
You worshipped Okawaru.
Okawaru was noncommittal.
You visited 1 branch of the dungeon, and saw 2 of its levels.

You collected 63 gold pieces.


Innate Abilities, Weirdness & Mutations

You are immune to sickness and miasma.
Your stone body is resilient. (AC +3)
You are immune to poison.
You resist negative energy. (rN+)
You are resistant to electric shocks. (rElec)
You are resistant to unholy torment.
You are immune to petrification.


   Skills:
 - Level 3.2 Fighting
 + Level 4.1 Axes
 - Level 3.2 Armour
 - Level 3.2 Shields


You had 3 spell levels left.
You didn't know any spells.
Your spell library was empty.

Inventory:

Hand Weapons
 Y - a +0 war axe of flaming (weapon)
Armour
 b - a +0 scale mail (worn)
 c - a +0 buckler (worn)
Scrolls
 a - a scroll of enchant weapon {unknown}
Potions
 d - a potion of might
 e - a potion of lignification {unknown}
 f - 2 potions of curing

Dungeon Overview and Level Annotations

Branches:
Dungeon (2/15)

Altars:
Okawaru

Annotations:
D:2 Sigmund


Message History

Enter note:
Enter note:
Enter note:
Enter note:
Enter note:
Enter note:
Enter note:
Enter note:
Enter note:
Enter note:
Enter note: Sigmund casts a spell.
Sigmund flickers and vanishes!
Deactivating autopickup; reactivate with Ctrl-A.
Enter note:
Enter note:
Enter note:
Enter note: You hit something.
You burn something. Something hits you!
Ouch! That really hurt!
You miss something. You closely miss something. You block something's attack.
You miss something. Something hits you.
You miss something. You barely miss something.
Something hits you but does no damage.
You closely miss something. Something hits you but does no damage.
You closely miss something. Something hits you but does no damage.
You barely miss something.
You hear some strange, mumbled words.
Something tries to affect you, but you resist.
You barely miss something. Something hits you!
Ouch! That really hurt!
You die...

............#.....#.##
#######.###.#####.#.#
#...............#.#.#
#.#####.###.###.#.#.#
#.#...........#.#.#.#
#.#.###.#..#......#.#
#...###.#.........#.#
#>......#.##........#
#...########....@####
..............>.{.......
.....#.....#.$...####.##
.....#.....#.....#
.(...#.....#.....#
.....#.....#.....#
.....#.....#.....#
.....#.....###...#
.....#.....#


There were no monsters in sight!

Vanquished Creatures
  Terence (D:2)
  3 dart slugs (D:1)
  3 bats
  4 endoplasms
  5 giant cockroaches
  3 goblins (D:1)
  3 hobgoblins
  4 jackals (D:1)
  3 quokkas
  4 ball pythons
  2 frilled lizards (D:1)
  3 kobolds (D:1)
  A rat (D:1)
39 creatures vanquished.

Notes
Turn   | Place    | Note
-------+----------+-------------------------------------------
     0 | D:1      | qw the Gargoyle Fighter began the quest for the Orb.
     0 | D:1      | Reached XP level 1. HP: 14/14 MP: 1/1
     0 | D:1      | 0 ||| qw: Version: 0.2-a-29-g1fa15c8
     0 | D:1      | 0 ||| qw: Game counter: 4957
     0 | D:1      | 0 ||| qw: Always use a shield: true
     0 | D:1      | 0 ||| qw: God list: Okawaru
     0 | D:1      | 0 ||| qw: Allow faded altars: false
     0 | D:1      | 0 ||| qw: Do Orc after D:15 true
     0 | D:1      | 0 ||| qw: Do second Lair branch before Depths: true
     0 | D:1      | 0 ||| qw: Lair rune preference: random
     0 | D:1      | 0 ||| qw: Plans: Normal, Zot:1-4, Slime:5, God:TSO, Crypt,
                  | Tomb, Abyss, Pan, Hells, Win
     0 | D:1      | 0 ||| PLANNING D:1-11
    81 | D:1      | Reached skill level 2 in Axes
   174 | D:1      | Reached XP level 2. HP: 19/19 MP: 2/2
   260 | D:1      | Found an iron altar of Okawaru.
   261 | D:1      | 261 ||| PLANNING OKAWARU WORSHIP
   263 | D:1      | 263 ||| Stepping ~*~*~tactically~*~*~ (stealth).
   271 | D:1      | 271 ||| READING scroll labelled LAXITHR JOZY.
   272 | D:1      | 272 ||| READING scroll labelled FIWUDU QAGU.
   273 | D:1      | 273 ||| READING scroll labelled PUPHIS TENUTTAJO.
   280 | D:1      | Became a worshipper of Warmaster Okawaru
   281 | D:1      | 281 ||| PLANNING D:1-11
   375 | D:1      | Reached skill level 3 in Axes
   389 | D:1      | 389 ||| Stepping ~*~*~tactically~*~*~ (hiding).
   390 | D:1      | 390 ||| Stepping ~*~*~tactically~*~*~ (hiding).
   399 | D:1      | Reached XP level 3. HP: 23/23 MP: 3/3
   415 | D:1      | 415 ||| Stepping ~*~*~tactically~*~*~ (stealth).
   622 | D:1      | 622 ||| Stepping ~*~*~tactically~*~*~ (stealth).
   624 | D:1      | 624 ||| Stepping ~*~*~tactically~*~*~ (stealth).
   625 | D:1      | 625 ||| Stepping ~*~*~tactically~*~*~ (stealth).
   922 | D:1      | 922 ||| READING scroll labelled RYENGOE CIQU.
   923 | D:1      | 923 ||| DRINKING 3 coppery potions.
  1157 | D:2      | Noticed Terence
  1165 | D:2      | Killed Terence
  1166 | D:2      | Reached skill level 4 in Axes
  1166 | D:2      | Reached XP level 4. HP: 28/28 MP: 4/4
  1336 | D:2      | Noticed Sigmund
  1349 | D:2      | Slain by Sigmund

Levels and vault maps discovered:
D:1:      nzn_arrival_water_spiral, layout_basic, minmay_hexomino_r4
D:2:      layout_basic, uniq_sigmund, uniq_terence

Skill      XL: |  1  2  3 |
---------------+----------+-----
Axes           | 2 3 4 |  4.1
Fighting       | |  3.2
Armour         | |  3.2
Shields        | |  3.2

Action                     |  1- 3 |  4- 6 || total
---------------------------+-------+-------++-------
  Melee: War axe           |    94 |    14 ||   108
    Use: Scroll            |     4 |       ||     4
         Potion            |     1 |       ||     1
 Armour: Scale mail        |    45 |     4 ||    49
  Dodge: Dodged            |    44 |     2 ||    46
  Block: Buckler           |    12 |     1 ||    13

Table legend:
 A = Non-vault XP
 B = Vault XP
 C = Vault XP percentage of total XP
 D = Non-vault monster count
 E = Vault monster count
 F = Vault count percentage of total count
                 A         B        C        D         E       F
            +---------+---------+-------+---------+---------+-------
      Total |      70 |      41 |  36.9 |      36 |       3 |   7.7
            +---------+---------+-------+---------+---------+-------
        D:1 |      56 |       3 |   5.1 |      28 |       2 |   6.7
        D:2 |      14 |      38 |  73.1 |       8 |       1 |  11.1
            +---------+---------+-------+---------+---------+-------
